Map: Orbital Shipyard

Players

Miszu

  • Race: Terran Terran
  • League: Grandmaster

ILoveSilver - Winner!

  • Race: Zerg Zerg
  • League: Master

VOD

Have the link to the VOD?

Description

Time

  • Played on: Feb. 7, 2016, 3:08 p.m.
  • Length: 8:46
Show
View Real Time Build Order
Export as new Build Order

Miszu Terran 

Build Orders: MMM Bio 

Get SALT Encoding   

  12  0:01  SCV  
  13  0:14  SCV  
  14  0:18  Supply Depot  
  14  0:26  SCV  
  15  0:40  SCV  
  15  0:41  Barracks  
  16  0:46  Refinery  
  16  0:52  SCV  
  17  1:04  SCV  
  19  1:18  SCV  
  19  1:30  Orbital Command  
  19  1:31  Barracks Reactor  
  19  1:40  Command Center  
  19  1:50  Supply Depot  
  19  1:56  SCV  
  20  2:08  SCV  
  21  2:09  Reaper x2  
  23  2:20  SCV  
  24  2:26  Command Center  
  24  2:32  SCV  
  25  2:43  Reaper  
  26  2:44  Reaper, SCV  
  28  2:52  Orbital Command  
  28  2:56  SCV  
  29  3:00  Barracks  
  29  3:01  Barracks  
  29  3:08  SCV  
  30  3:20  Reaper, SCV  
  30  3:21  Reaper  
  30  3:22  SCV  
  30  3:24  Refinery  
  34  3:33  SCV  
  35  3:34  SCV  
  35  3:38  Orbital Command  
  36  3:45  SCV  
  36  3:47  SCV  
  38  3:49  Barracks Tech Lab  
  38  3:50  Barracks Tech Lab  
  38  3:54  Marine x2  
  40  3:57  SCV  
  40  3:59  SCV, Orbital Command  
  40  4:01  Refinery x2  
  42  4:05  Factory  
  42  4:09  SCV  
  43  4:11  Marine x3, SCV  
  43  4:12  Marine  
  48  4:21  SCV  
  48  4:22  Stimpack  
  48  4:23  SCV  
  50  4:25  Supply Depot  
  50  4:27  SCV  
  50  4:29  Marine x3  
  50  4:30  Marine  
  55  4:36  SCV  
  56  4:40  Engineering Bay, SCV  
  56  4:41  SCV  
  56  4:42  Engineering Bay  
  58  4:47  Marine x2  
  58  4:51  Supply Depot, SCV  
  61  4:54  Supply Depot, SCV  
  61  4:57  Marine  
  61  4:58  Marine, Combat Shields  
  64  5:01  SCV  
  64  5:05  Marine  
  64  5:07  SCV x2  
  61  5:08  Terran Infantry Weapons Level 1, Terran Infantry Armor Level 1  
  61  5:10  Marine  
  61  5:13  Starport, Factory Reactor  
  63  5:14  SCV  
  63  5:15  Marine  
  63  5:19  SCV  
  63  5:21  SCV  
  67  5:23  Marine  
  67  5:26  SCV  
  69  5:31  SCV  
  69  5:33  SCV  
  71  5:38  SCV  
  71  5:39  Barracks  
  71  5:40  Supply Depot, Barracks  
  72  5:43  Supply Depot, SCV  
  72  5:45  SCV  
  72  5:48  Marauder  
  76  5:51  SCV  
  76  5:53  Missile Turret  
  76  5:55  SCV, Factory Reactor  
  76  5:56  Missile Turret  
  78  5:57  SCV  
  78  5:58  Medivac  
  78  5:59  Medivac  
  83  6:04  SCV  
  83  6:05  Supply Depot  
  83  6:06  Missile Turret  
  83  6:07  SCV  
  85  6:15  Marine x2  
  85  6:16  Marauder x2  
  85  6:17  SCV  
  92  6:18  SCV  
  92  6:20  Supply Depot  
  92  6:21  SCV  
  94  6:27  Refinery  
  94  6:28  Refinery  
  94  6:29  SCV  
  94  6:31  SCV  
  93  6:33  Marine  
  85  6:45  Marine  
  85  6:46  Marine x4  
  76  6:51  Marine  
  58  6:57  Medivac  
  58  7:00  Widow Mine  
  58  7:03  Marine, Widow Mine  
  58  7:04  Marine x4  
  58  7:07  Medivac  
  58  7:08  Armory  
  62  7:09  Marine  
  63  7:21  Marine x2  
  63  7:22  Marine x3  
  68  7:26  Marine  
  51  7:39  Marine x5  
  56  7:44  Marine  
  57  7:53  SCV x2  
  57  7:54  Orbital Command  
  57  7:57  Marine x3  
  66  7:59  Factory Reactor  
  66  8:02  Marine  
  65  8:05  SCV  
  65  8:06  SCV  
  65  8:08  Barracks Reactor x2  
  65  8:14  Marine  
  65  8:18  SCV x2  
  70  8:21  Starport Reactor  
  70  8:22  SCV  
  69  8:30  SCV x2  
Show
View Real Time Build Order
Export as new Build Order

ILoveSilver Zerg - Winner!

Build Orders: Hatch First, Muta Ling Bane 

Get SALT Encoding   

  12  0:01  Drone  
  13  0:07  Drone  
  14  0:17  Overlord  
  14  0:21  Extractor  
  14  0:23  Drone  
  15  0:35  Drone x2  
  17  0:52  Hatchery  
  17  0:55  Drone  
  17  1:11  Drone, Spawning Pool  
  16  1:15  Drone  
  16  1:18  Drone  
  19  1:27  Drone  
  20  1:40  Overlord  
  20  1:49  Drone  
  21  1:58  Queen  
  21  1:59  Zergling x2  
  24  2:04  Queen  
  24  2:05  Drone  
  27  2:10  Drone  
  27  2:15  Drone  
  29  2:21  Overlord  
  29  2:25  Drone  
  30  2:34  Queen, Drone  
  33  2:38  Drone  
  33  2:39  Extractor  
  33  2:40  Extractor, Queen  
  33  2:43  Drone  
  35  2:47  Overlord  
  35  2:53  Drone  
  35  2:58  Drone  
  37  3:01  Extractor x2  
  37  3:04  Drone  
  37  3:05  Drone  
  37  3:07  Drone x2  
  39  3:14  Drone x4  
  42  3:24  Overlord  
  44  3:28  Lair  
  44  3:30  Drone  
  44  3:31  Drone  
  46  3:34  Drone  
  46  3:37  Metabolic Boost  
  46  3:40  Drone  
  48  3:45  Overlord  
  48  3:46  Drone x2  
  48  3:54  Zergling x10  
  53  3:59  Drone  
  53  4:02  Drone  
  55  4:09  Drone  
  56  4:12  Drone  
  57  4:20  Drone  
  57  4:22  Drone x2  
  60  4:24  Queen  
  60  4:29  Spire  
  60  4:30  Zergling x8  
  66  4:31  Zergling x2  
  66  4:34  Overlord  
  66  4:38  Overlord  
  66  4:52  Overlord  
  66  4:53  Zergling x2  
  64  5:16  Zergling x12  
  70  5:22  Baneling Nest  
  70  5:24  Hatchery  
  67  5:40  Mutalisk  
  67  5:41  Mutalisk x9  
  87  5:49  Overlord  
  87  5:58  Zergling x4  
  87  6:02  Zerg Flyer Weapons Level 1  
  89  6:06  Baneling x10  
  89  6:07  Zergling x2  
  89  6:08  Zergling x10  
  95  6:13  Drone  
  95  6:14  Drone  
  95  6:16  Mutalisk  
  99  6:25  Overlord  
  99  6:26  Drone  
  87  6:48  Mutalisk x3  
  93  6:55  Drone x6  
  99  7:01  Drone x2  
  99  7:03  Centrifical Hooks  
  99  7:05  Evolution Chamber  
  99  7:06  Evolution Chamber  
  99  7:07  Mutalisk  
  101  7:15  Mutalisk  
  103  7:23  Zergling x2  
  103  7:24  Zergling x6  
  96  7:41  Mutalisk x2  
  96  7:43  Drone x7  
  107  7:46  Extractor x2  
  107  7:51  Zergling x10  
  109  7:59  Drone x2  
  109  8:04  Baneling x3  
  111  8:06  Zergling x4  
  111  8:08  Drone  
  114  8:14  Baneling x3  
  114  8:22  Overlord  
  114  8:26  Hatchery  
Tags
 
Add a new tag
Caveats
  • Supply blocks, unpowered buildings, or Contaminate may cause inaccurate times.
  • Supply counts are checked every 10 seconds.